 Dungeon Crawl Stone Soup version 0.23-a0-636-g0ff6057 (webtiles) character file.

729 zishaf the Sneak (level 7, -7/32 HPs)
             Began as a Spriggan Enchanter on Dec 28, 2018.
             Mangled by an ice beast (14 damage)
             ... on level 5 of the Dungeon.
             The game lasted 00:09:19 (5412 turns).

zishaf the Sneak (Spriggan Enchanter)               Turns: 5412, Time: 00:09:20

Health: -7/32      AC:  2    Str:  4    XL:     7   Next: 44%
Magic:  9/14       EV: 21    Int: 19    God:
Gold:   202        SH:  0    Dex: 16    Spells: 8/14 levels left

rFire    . . .     SeeInvis +   a - +1 dagger
rCold    . . .     Gourm    .   (shield restricted)
rNeg     . . .     Faith    .   b - +0 robe
rPois    .         Spirit   .   (helmet restricted)
rElec    .         Reflect  .   (no cloak)
rCorr    .         Harm     .   (gloves unavailable)
MR       +....                  (boots unavailable)
Stlth    +++++.....             (no amulet)
HPRegen  0.10/turn              f - ring of stealth
MPRegen  0.14/turn              (no ring)

@: very quick
A: very small, unfitting armour, see invisible, herbivore, speed 3, slow
metabolism 2
a: no special abilities


You were on level 5 of the Dungeon.
You were very hungry.

You visited 1 branch of the dungeon, and saw 5 of its levels.

You collected 202 gold pieces.

Inventory:

Hand Weapons
 a - a +1 dagger (weapon)
Armour
 b - a +0 robe (worn)
Jewellery
 f - a ring of stealth (left hand)
Wands
 g - a wand of flame (18)
Scrolls
 e - 2 scrolls of remove curse
 l - a scroll of teleportation {unknown}
 n - a scroll of amnesia {unknown}
 o - a scroll of random uselessness {unknown}
 r - a scroll of fog {unknown}
Potions
 c - a potion of mutation
 h - 4 potions of curing
 i - 2 potions of resistance
 j - a potion of heal wounds
 k - a potion of ambrosia
 m - 2 potions of flight
 p - a potion of magic
 q - a potion of degeneration {unknown}
Comestibles
 d - 5 rations


   Skills:
 + Level 3.9 Short Blades
 + Level 5.8 Dodging
 + Level 7.1 Stealth
 - Level 4.0 Spellcasting
 * Level 6.0 Hexes
 - Level 2.0 Ice Magic


You had 8 spell levels left.
You knew the following spells:

 Your Spells              Type           Power        Failure   Level  Hunger
a - Ensorcelled Hibernat  Hex/Ice        ###...       4%          2    ##.....
b - Corona                Hex            ####...      1%          1    None
z - Confuse               Hex            ####....     3%          3    ###....

Your spell library contained the following spells:

 Spells                   Type           Power        Failure   Level  Hunger
 Confusing Touch          Hex            ####..       1%          1    None
 Tukima's Dance           Hex            ####....     3%          3    ###....
 Dazzling Spray           Conj/Hex       ###...       12%         3    ###....
 Gell's Gravitas          Tloc           #.........   38%         3    ###....
 Metabolic Englaciation   Hex/Ice        ###.......   58%         5    ######.
 Yara's Violent Unravell  Hex/Tmut       ###.......   73%         5    ######.
 Petrify                  Tmut/Erth      #.......     80%         4    ####...


Dungeon Overview and Level Annotations

Branches:
Dungeon (5/15)
 Temple: D:4-7

Altars:
Hepliaklqana


Innate Abilities, Weirdness & Mutations

You are very small and have problems with some larger weapons.
You are too small for most types of armour.
You have supernaturally acute eyesight. (SInv)
You are a herbivore.
You cover ground extremely quickly.
You need to consume almost no food.


Message History

Aim: an ice beast (chance to defeat MR: 55%)
The ice beast appears confused.
You hit the ice beast but do no damage. You barely miss the ice beast.
The ice beast hits you. The ice beast freezes you.
You hit the ice beast but do no damage. You barely miss the ice beast.
The ice beast misses you.
You hit the ice beast.
The ice beast is lightly wounded.
The ice beast hits you. The ice beast freezes you!
You are too injured to fight recklessly!
You are too injured to fight recklessly!
You are too injured to fight recklessly!
You are too injured to fight recklessly!
You are too injured to fight recklessly!
You hit the ice beast but do no damage. You hit the ice beast but do no damage.
The ice beast hits you.
* * * LOW HITPOINT WARNING * * *
The ice beast freezes you!
You die...

#.............#
#........####.# ##
#...####.# #.#
.######.## #.# #.#
........# #.# #.#
........# ##.####.##
######.## #.......>#
# #.# ##.####..####
# #.# ###Y@......# #
#.# #.##......# #
#.# #. #.###..#
######.########.##.#
..#
.................#..
.#
.#####.....####..##?
# .# #####.# #. ..
.# #.# #. .. .# #.#


You could see an ice beast (confused).

Vanquished Creatures
  A centaur (D:5)
  A scorpion (D:4)
  A crimson imp (D:4)
  A hound (D:4)
  8 orc priests
  A centaur skeleton (D:4)
  An iguana (D:4)
  2 orc wizards
  2 worker ants
  5 adders
  An adder skeleton (D:3)
  2 worms
  A dart slug (D:1)
  3 leopard geckos
  19 orcs
  7 giant cockroaches
  12 goblins
  6 hobgoblins
  A quokka (D:4)
  3 ball pythons
  11 bats
  3 frilled lizards
  11 kobolds
  3 rats
106 creatures vanquished.

Notes
Turn   | Place    | Note
-------+----------+-------------------------------------------
     0 | D:1      | zishaf the Spriggan Enchanter began the quest for the Orb.
     0 | D:1      | Reached XP level 1. HP: 9/9 MP: 5/5
   485 | D:1      | Reached XP level 2. HP: 13/13 MP: 7/7
   511 | D:1      | Learned a level 2 spell: Ensorcelled Hibernation
   927 | D:2      | Reached XP level 3. HP: 16/16 MP: 8/8
  1365 | D:2      | Learned a level 3 spell: Confuse
  1448 | D:2      | Reached skill level 5 in Stealth
  1448 | D:2      | Reached XP level 4. HP: 21/21 MP: 10/10
  1512 | D:2      | Found a hazy altar of Hepliaklqana.
  2525 | D:3      | Reached XP level 5. HP: 24/24 MP: 9/12
  3090 | D:4      | Reached skill level 1 in Ice Magic
  3349 | D:4      | Reached XP level 6. HP: 28/28 MP: 1/13
  3490 | D:4      | Reached skill level 6 in Stealth
  3889 | D:4      | Reached skill level 5 in Dodging
  3889 | D:4      | Reached skill level 5 in Hexes
  4049 | D:4      | Reached XP level 7. HP: 32/32 MP: 14/14
  5048 | D:5      | Entered Level 5 of the Dungeon
  5220 | D:5      | Reached skill level 7 in Stealth
  5412 | D:5      | Mangled by an ice beast

Vault maps used:
D:1:      minmay_arrival_three_doors
D:2:      marbit_many_paths, serial_glass, glass_columns_a, glass_columns_a
D:5:      minmay_temple_entry_fiery, first_ration, uniq_pikel

Skill      XL: |  1  2  3  4  5  6  7 |
---------------+----------------------+-----
Spellcasting   | 3 4 |  4.0
Hexes          | 4 5 6 |  6.0
Stealth        | 5 6 7 |  7.1
Short Blades   | 2 3 |  3.9
Dodging        | 4 5 |  5.8
Ice Magic      | 1 2 |  2.0

Action                   |  1- 3 |  4- 6 |  7- 9 || total
-------------------------+-------+-------+-------++-------
Melee: Dagger            |    98 |    91 |    26 ||   215
 Cast: Corona            |     4 |       |       ||     4
       Ensorcelled Hiber |    16 |    55 |    22 ||    93
       Confuse           |       |       |     2 ||     2
  Use: Scroll            |       |     8 |       ||     8
 Stab: Sleeping          |    28 |    44 |    13 ||    85
  Eat: Ration            |       |     1 |     1 ||     2
Armor: Robe              |     7 |     5 |     1 ||    13
Dodge: Dodged            |    81 |    87 |    19 ||   187

Table legend:
 A = Non-vault XP
 B = Vault XP
 C = Vault XP percentage of total XP
 D = Non-vault monster count
 E = Vault monster count
 F = Vault count percentage of total count
                 A         B        C        D         E       F
            +---------+---------+-------+---------+---------+-------
      Total |    1040 |       2 |   0.2 |     105 |       1 |   0.9
            +---------+---------+-------+---------+---------+-------
        D:1 |      36 |       0 |   0.0 |      20 |       0 |   0.0
        D:2 |      77 |       2 |   2.5 |      23 |       1 |   4.2
        D:3 |     119 |       0 |   0.0 |      27 |       0 |   0.0
        D:4 |     622 |       0 |   0.0 |      28 |       0 |   0.0
        D:5 |     186 |       0 |   0.0 |       7 |       0 |   0.0
            +---------+---------+-------+---------+---------+-------
